TOP OF THE 1ST |
Pulaski Yankees batting - Pitching for Cleveland (APP) Indians : RHP Ricardo Torres
|
Pitching: RHP Ricardo Torres
|
|
Batting: RHB Jim O'Dwyer
|
0-0: Ball 1-0: Ball 2-0: Ball 3-0: Called Strike 3-1: Ground out 6-3 (Groundball, 6S, EV 70.6 MPH)
|
Batting: RHB Ken Stair
|
0-0: Called Strike 0-1: Swinging Strike 0-2: Ball 1-2: Strikes out swinging
|
Batting: SHB Dylan Best
|
0-0: Swinging Strike 0-1: Foul Ball, location: 2F 0-2: Ball 1-2: Foul Ball, location: 2F 1-2: Strikes out swinging
|
Top of the 1st over - 0 runs, 0 hits, 0 errors, 0 left on base; Pulaski 0 - Cleveland (APP) 0 |
BOTTOM OF THE 1ST |
Cleveland (APP) Indians batting - Pitching for Pulaski Yankees : LHP Allen Reisinger
|
Pitching: LHP Allen Reisinger
|
|
Batting: RHB Quan Tai
|
0-0: Swinging Strike 0-1: Ball 1-1: SOLO HOME RUN (Flyball, 78XD, EV 101.2 MPH), Distance : 414 ft
|
Batting: RHB Xavier Bartolani
|
0-0: Foul Ball, location: 2F 0-1: Ball 1-1: Foul Ball, location: 2F 1-2: Fly out, F9 (Flyball, 9, EV 81.9 MPH)
|
Batting: RHB Kevin Trull
|
0-0: Ball 1-0: Ball 2-0: Called Strike 2-1: Foul Ball, location: 2F 2-2: Ball 3-2: Fly out, F7 (Flyball, 7, EV 78.8 MPH)
|
Batting: RHB Luke Burnham
|
0-0: Called Strike 0-1: Swinging Strike 0-2: SINGLE (Groundball, 6MD, EV 110.0 MPH)
|
Batting: RHB Russ Kennett
|
0-0: Called Strike 0-1: Foul Ball, location: 2F 0-2: Ball 1-2: Foul Ball, location: 2F 1-2: Strikes out swinging passed ball, reaches first! Luke Burnham to second
|
Batting: RHB Jose Rodriguez
|
0-0: Called Strike 0-1: Foul Ball, location: 2F 0-2: Ball 1-2: Ball 2-2: Ball 3-2: Foul Ball, location: 2F 3-2: Base on Balls Luke Burnham to third Russ Kennett to second
|
Batting: SHB Luis de Leon
|
0-0: Ball 1-0: Ball Passed Ball! Luke Burnham scores Russ Kennett to third Jose Rodriguez to second 2-0: Called Strike 2-1: Fly out, F8 (Flyball, 8LM, EV 94.4 MPH)
|
Bottom of the 1st over - 2 runs, 2 hits, 0 errors, 2 left on base; Pulaski 0 - Cleveland (APP) 2 |
TOP OF THE 2ND |
Pulaski Yankees batting - Pitching for Cleveland (APP) Indians : RHP Ricardo Torres
|
Batting: RHB Paul Ngumi
|
0-0: Ball 1-0: Ball 2-0: Ball 3-0: Called Strike 3-1: Called Strike 3-2: Base on Balls
|
Batting: RHB Jonathan Feldstein
|
0-0: Ball 1-0: Ball 2-0: SINGLE (Line Drive, 78M, EV 97.5 MPH) Paul Ngumi to second
|
Batting: LHB Dave Ortiz
|
0-0: Fielders Choice at 2nd, 4-6 (Groundball, 34D, EV 108.1 MPH) Paul Ngumi to third
|
Batting: LHB Rip Log
|
0-0: Called Strike 0-1: Ball 1-1: Grounds out, U3 (Groundball, 3L, EV 104.4 MPH) Paul Ngumi scores
|
Batting: LHB Victor Reyna
|
0-0: Ball 1-0: Ball 2-0: Ball 3-0: Base on Balls
|
Batting: RHB Juan Perez
|
0-0: Ball 1-0: Foul Ball, location: 2F 1-1: Fly out, F9 (Flyball, 9D, EV 87.5 MPH)
|
Top of the 2nd over - 1 run, 1 hit, 0 errors, 2 left on base; Pulaski 1 - Cleveland (APP) 2 |
BOTTOM OF THE 2ND |
Cleveland (APP) Indians batting - Pitching for Pulaski Yankees : LHP Allen Reisinger
|
Batting: RHB Cruz Castro
|
0-0: Ball 1-0: Called Strike 1-1: Ball 2-1: Foul Ball, location: 2F 2-2: Ground out 4-3 (Groundball, 4, EV 105.0 MPH)
|
Batting: SHB Bob Ledlow
|
0-0: Ball 1-0: Fly out, F9 (Flyball, 9D, EV 97.5 MPH)
|
Batting: RHB Quan Tai
|
0-0: Foul Ball, location: 2F 0-1: Foul Ball, location: 2F 0-2: Ball 1-2: Ball 2-2: Foul Ball, location: 2F 2-2: Fly out, F8 (Line Drive, 8RM, EV 98.8 MPH)
|
Bottom of the 2nd over - 0 runs, 0 hits, 0 errors, 0 left on base; Pulaski 1 - Cleveland (APP) 2 |
TOP OF THE 3RD |
Pulaski Yankees batting - Pitching for Cleveland (APP) Indians : RHP Ricardo Torres
|
Batting: RHB Jim O'Dwyer
|
0-0: Called Strike 0-1: Ball 1-1: Foul Ball, location: 2F 1-2: Ball 2-2: Ball 3-2: Foul Ball, location: 2F 3-2: Strikes out swinging
|
Batting: RHB Ken Stair
|
0-0: Ball 1-0: Called Strike 1-1: Ball 2-1: DOUBLE (Line Drive, 9LS, EV 106.2 MPH)
|
Batting: SHB Dylan Best
|
0-0: Called Strike 0-1: Fly out, F7 (Line Drive, 7, EV 102.5 MPH)
|
Batting: RHB Paul Ngumi
|
0-0: Foul Ball, location: 2F 0-1: Ball 1-1: Ball 2-1: Foul Ball, location: 2F 2-2: Foul Ball, location: 2F 2-2: Ground out 3-1 (Groundball, 34, EV 108.1 MPH)
|
Top of the 3rd over - 0 runs, 1 hit, 0 errors, 1 left on base; Pulaski 1 - Cleveland (APP) 2 |
BOTTOM OF THE 3RD |
Cleveland (APP) Indians batting - Pitching for Pulaski Yankees : LHP Allen Reisinger
|
Batting: RHB Xavier Bartolani
|
0-0: Called Strike 0-1: Ball 1-1: Ball 2-1: Called Strike 2-2: Ball 3-2: Ground out 4-3 (Groundball, 4, EV 95.0 MPH)
|
Batting: RHB Kevin Trull
|
0-0: Ground out U3 (Groundball, 3, EV 90.0 MPH)
|
Batting: RHB Luke Burnham
|
0-0: Foul Ball, location: 2F 0-1: Ball 1-1: Called Strike 1-2: SINGLE (Line Drive, 89M, EV 93.8 MPH)
|
Batting: RHB Russ Kennett
|
0-0: Ball 1-0: Ball 2-0: Foul Ball, location: 2F 2-1: SINGLE (Groundball, 56S, EV 66.9 MPH) (infield hit) Luke Burnham to second
|
Batting: RHB Jose Rodriguez
|
0-0: SINGLE (Groundball, 56, EV 108.1 MPH) (infield hit) Luke Burnham to third Russ Kennett to second
|
Batting: SHB Luis de Leon
|
0-0: Called Strike 0-1: Ball 1-1: Ball 2-1: Swinging Strike 2-2: Hit by Pitch Luke Burnham scores Russ Kennett to third Jose Rodriguez to second
|
Batting: RHB Cruz Castro
|
0-0: Swinging Strike 0-1: Ball 1-1: Ball 2-1: Foul Ball, location: 2F 2-2: Ground out 1-3 (Groundball, 34S, EV 68.8 MPH)
|
Bottom of the 3rd over - 1 run, 3 hits, 0 errors, 3 left on base; Pulaski 1 - Cleveland (APP) 3 |
TOP OF THE 4TH |
Pulaski Yankees batting - Pitching for Cleveland (APP) Indians : RHP Ricardo Torres
|
Batting: RHB Jonathan Feldstein
|
0-0: Called Strike 0-1: Swinging Strike 0-2: Ball 1-2: Fly out, F8 (Flyball, 8LM, EV 91.9 MPH)
|
Batting: LHB Dave Ortiz
|
0-0: Called Strike 0-1: Swinging Strike 0-2: Foul Ball, location: 2F 0-2: Foul Ball, location: 2F 0-2: Ball 1-2: Ball 2-2: Ground out 4-3 (Groundball, 4MS, EV 83.1 MPH)
|
Batting: LHB Rip Log
|
0-0: Ball 1-0: Foul Ball, location: 2F 1-1: Ground out 5-3 (Groundball, 6, EV 80.6 MPH)
|
Top of the 4th over - 0 runs, 0 hits, 0 errors, 0 left on base; Pulaski 1 - Cleveland (APP) 3 |
BOTTOM OF THE 4TH |
Cleveland (APP) Indians batting - Pitching for Pulaski Yankees : LHP Allen Reisinger
|
Batting: SHB Bob Ledlow
|
0-0: Ground out 6-3 (Groundball, 56, EV 89.4 MPH)
|
Batting: RHB Quan Tai
|
0-0: Called Strike 0-1: SINGLE (Groundball, 56D, EV 101.2 MPH)
|
Batting: RHB Xavier Bartolani
|
0-0: Ball 1-0: Called Strike 1-1: Foul Ball, location: 2F 1-2: Foul Ball, location: 2F 1-2: Fielders Choice at 2nd, 5-4 (Groundball, 56, EV 85.6 MPH)
|
Batting: RHB Kevin Trull
|
0-0: Foul Ball, location: 2F 0-1: Ball 1-1: Ball 2-1: Ball 3-1: Ground out 4-3 (Groundball, 4, EV 77.5 MPH)
|
Bottom of the 4th over - 0 runs, 1 hit, 0 errors, 1 left on base; Pulaski 1 - Cleveland (APP) 3 |
TOP OF THE 5TH |
Pulaski Yankees batting - Pitching for Cleveland (APP) Indians : RHP Ricardo Torres
|
Batting: LHB Victor Reyna
|
0-0: Ground out 4-3 (Groundball, 4, EV 102.5 MPH)
|
Batting: RHB Juan Perez
|
0-0: Ball 1-0: Ball 2-0: Foul Ball, location: 2F 2-1: Ball 3-1: Base on Balls
|
Batting: RHB Jim O'Dwyer
|
0-0: Ball Wild Pitch! Juan Perez to second 1-0: Called Strike 1-1: Ball 2-1: Foul Ball, location: 2F 2-2: Strikes out swinging
|
Batting: RHB Ken Stair
|
0-0: Ball Wild Pitch! Juan Perez to third 1-0: Fly out, F4 (Popup, 4M, EV 58.8 MPH)
|
Top of the 5th over - 0 runs, 0 hits, 0 errors, 1 left on base; Pulaski 1 - Cleveland (APP) 3 |
BOTTOM OF THE 5TH |
Cleveland (APP) Indians batting - Pitching for Pulaski Yankees : LHP Allen Reisinger
|
Batting: RHB Luke Burnham
|
0-0: Foul Ball, location: 2F 0-1: Ball 1-1: Ball 2-1: Foul Ball, location: 2F 2-2: SINGLE (Groundball, 5D, EV 100.6 MPH)
|
Batting: RHB Russ Kennett
|
0-0: Called Strike 0-1: Fielders Choice at 2nd, 6-4 (Groundball, 6, EV 88.1 MPH)
|
Batting: RHB Jose Rodriguez
|
0-0: Called Strike 0-1: Ball 1-1: Ball 2-1: Foul Ball, location: 2F 2-2: Ground out 6-3 (Groundball, 6, EV 91.2 MPH) Russ Kennett to second
|
Batting: SHB Luis de Leon
|
0-0: Called Strike 0-1: Ball 1-1: Ball 2-1: Called Strike 2-2: Ball 3-2: Base on Balls
|
Pitching: RHP Yoshida Abe
|
|
Batting: RHB Cruz Castro
|
0-0: Ball 1-0: Ground out 6-3 (Groundball, 6D, EV 105.0 MPH)
|
Bottom of the 5th over - 0 runs, 1 hit, 0 errors, 2 left on base; Pulaski 1 - Cleveland (APP) 3 |
TOP OF THE 6TH |
Pulaski Yankees batting - Pitching for Cleveland (APP) Indians : RHP Ricardo Torres
|
Pitching: RHP Conrado Cristina
|
|
Batting: SHB Dylan Best
|
0-0: Ball 1-0: Foul Ball, location: 2F 1-1: Ball 2-1: Swinging Strike 2-2: Ball 3-2: Base on Balls
|
Batting: RHB Paul Ngumi
|
0-0: Ball 1-0: Foul Ball, location: 2F 1-1: Ball Dylan Best is caught stealing 2nd base 2-4 2-1: Ball 3-1: Called Strike 3-2: Foul Ball, location: 2F 3-2: Foul Ball, location: 2F 3-2: Ground out 6-3 (Groundball, 56D, EV 105.0 MPH)
|
Batting: RHB Jonathan Feldstein
|
0-0: Swinging Strike 0-1: Ball 1-1: Ball 2-1: Called Strike 2-2: Strikes out swinging
|
Top of the 6th over - 0 runs, 0 hits, 0 errors, 0 left on base; Pulaski 1 - Cleveland (APP) 3 |
BOTTOM OF THE 6TH |
Cleveland (APP) Indians batting - Pitching for Pulaski Yankees : RHP Yoshida Abe
|
Batting: SHB Bob Ledlow
|
0-0: DOUBLE (Groundball, 3L, EV 97.5 MPH)
|
Batting: RHB Quan Tai
|
0-0: DOUBLE (Flyball, 8RXD, EV 108.1 MPH) Bob Ledlow scores
|
Batting: RHB Xavier Bartolani
|
0-0: TRIPLE (Flyball, 89XD, EV 94.4 MPH) Quan Tai scores
|
Batting: RHB Kevin Trull
|
0-0: Called Strike 0-1: Ball Wild Pitch! Xavier Bartolani scores 1-1: Ball 2-1: Ball 3-1: Called Strike 3-2: Base on Balls
|
Pitching: RHP Frank Medrano
|
|
Batting: RHB Luke Burnham
|
0-0: Ball 1-0: Foul Ball, location: 2F 1-1: Foul Ball, location: 2F 1-2: Ball 2-2: Fly out, F8 (Flyball, 78D, EV 96.9 MPH)
|
Batting: RHB Russ Kennett
|
0-0: Called Strike 0-1: Ball 1-1: Called Strike 1-2: Fly out, F8 (Flyball, 8LM, EV 90.0 MPH)
|
Batting: RHB Jose Rodriguez
|
0-0: Ball 1-0: Ground out 4-3 (Groundball, 4, EV 100.6 MPH)
|
Bottom of the 6th over - 3 runs, 3 hits, 0 errors, 1 left on base; Pulaski 1 - Cleveland (APP) 6 |
TOP OF THE 7TH |
Pulaski Yankees batting - Pitching for Cleveland (APP) Indians : RHP Conrado Cristina
|
Batting: LHB Dave Ortiz
|
0-0: Fly out, F6 (Line Drive, 56D, EV 64.4 MPH)
|
Batting: LHB Rip Log
|
0-0: Called Strike 0-1: Called Strike 0-2: Ball 1-2: Strikes out swinging
|
Pitching: RHP Mario Garza
|
|
Batting: LHB Victor Reyna
|
0-0: Ball 1-0: Called Strike 1-1: Foul Ball, location: 2F 1-2: Strikes out swinging
|
Top of the 7th over - 0 runs, 0 hits, 0 errors, 0 left on base; Pulaski 1 - Cleveland (APP) 6 |
BOTTOM OF THE 7TH |
Cleveland (APP) Indians batting - Pitching for Pulaski Yankees : RHP Frank Medrano
|
Batting: SHB Luis de Leon
|
0-0: Ball 1-0: Swinging Strike 1-1: Ball 2-1: Ball 3-1: Ground out 4-3 (Groundball, 4S, EV 84.4 MPH)
|
Batting: RHB Cruz Castro
|
0-0: Called Strike 0-1: Ground out 5-3 (Groundball, 56, EV 107.5 MPH)
|
Batting: SHB Bob Ledlow
|
0-0: Ball 1-0: Ball 2-0: Ball 3-0: Base on Balls
|
Batting: RHB Quan Tai
|
0-0: Called Strike 0-1: Foul Ball, location: 2F 0-2: DOUBLE (Groundball, 5L, EV 97.5 MPH) Bob Ledlow to third
|
Batting: RHB Xavier Bartolani
|
0-0: Ball 1-0: Ball 2-0: Ball 3-0: Base on Balls
|
Pitching: RHP Mauricio Zambrana
|
|
Batting: RHB Kevin Trull
|
0-0: Called Strike 0-1: Ball 1-1: Foul Ball, location: 2F 1-2: Foul Ball, location: 2F 1-2: Ball 2-2: Ball 3-2: SINGLE (Line Drive, 89S, EV 95.0 MPH) Bob Ledlow scores Quan Tai to third Xavier Bartolani to second Quan Tai scores Xavier Bartolani to third
|
Batting: RHB Luke Burnham
|
0-0: Ball 1-0: Ball 2-0: Ball Wild Pitch! Xavier Bartolani scores Kevin Trull to second 3-0: Base on Balls
|
Batting: RHB Russ Kennett
|
0-0: Called Strike 0-1: Swinging Strike 0-2: Ball 1-2: Ball 2-2: Strikes out swinging
|
Bottom of the 7th over - 3 runs, 2 hits, 0 errors, 2 left on base; Pulaski 1 - Cleveland (APP) 9 |
TOP OF THE 8TH |
Pulaski Yankees batting - Pitching for Cleveland (APP) Indians : RHP Mario Garza
|
Pinch Hitting: LHB Troy Jones
|
0-0: Ground out U3 (Groundball, 3, EV 89.4 MPH)
|
Pinch Hitting: LHB Chris Viehman
|
0-0: Fly out, F7 (Flyball, 7, EV 93.8 MPH)
|
Batting: RHB Ken Stair
|
0-0: Ball 1-0: DOUBLE (Line Drive, 9LS, EV 99.4 MPH)
|
Batting: SHB Dylan Best
|
0-0: Ground out 4-3 (Groundball, 4, EV 81.2 MPH)
|
Top of the 8th over - 0 runs, 1 hit, 0 errors, 1 left on base; Pulaski 1 - Cleveland (APP) 9 |
BOTTOM OF THE 8TH |
Cleveland (APP) Indians batting - Pitching for Pulaski Yankees : RHP Mauricio Zambrana
|
Now at 1B: Chris Viehman
|
|
Now at SS: Dylan Best
|
|
Now in CF: Troy Jones
|
|
Batting: RHB Jose Rodriguez
|
0-0: Ground out 3-1 (Groundball, 34S, EV 91.9 MPH)
|
Batting: SHB Luis de Leon
|
0-0: Called Strike 0-1: Foul Ball, location: 2F 0-2: Strikes out swinging
|
Batting: RHB Cruz Castro
|
0-0: Called Strike 0-1: Ball 1-1: Swinging Strike 1-2: Foul Ball, location: 2F 1-2: Foul Ball, location: 2F 1-2: Reached on error, E6 (Groundball, 6, EV 84.4 MPH)
|
Batting: SHB Bob Ledlow
|
0-0: Foul Ball, location: 2F 0-1: Called Strike 0-2: Strikes out swinging
|
Bottom of the 8th over - 0 runs, 0 hits, 1 error, 1 left on base; Pulaski 1 - Cleveland (APP) 9 |
TOP OF THE 9TH |
Pulaski Yankees batting - Pitching for Cleveland (APP) Indians : RHP Mario Garza
|
Batting: RHB Paul Ngumi
|
0-0: Ball 1-0: Called Strike 1-1: Swinging Strike 1-2: Ball 2-2: Foul Ball, location: 2F 2-2: Foul Ball, location: 2F 2-2: Foul Ball, location: 2F 2-2: Strikes out swinging
|
Pinch Hitting: RHB Yasuoka Tsuda
|
0-0: Called Strike 0-1: Ball 1-1: Called Strike 1-2: Strikes out swinging
|
Batting: LHB Dave Ortiz
|
0-0: Ball 1-0: Swinging Strike 1-1: Ball 2-1: SINGLE (Flyball, 8RS, EV 92.5 MPH)
|
Batting: LHB Rip Log
|
0-0: DOUBLE (Line Drive, 7LM, EV 106.9 MPH) Dave Ortiz to third
|
Batting: LHB Victor Reyna
|
0-0: Ground out 5-3 (Groundball, 5, EV 89.4 MPH)
|
Top of the 9th over - 0 runs, 2 hits, 0 errors, 2 left on base; Pulaski 1 - Cleveland (APP) 9 |
|